 Dungeon Sprint DCSS version 0.21.0-3-g78d12a8bdd (webtiles) character file.

23317 Quolop the Ninja (level 12, -2/51 HPs)
             Began as a Spriggan Earth Elementalist on Jan 13, 2018.
             Was the Champion of Dithmenos.
             Slain by a hellwing (8 damage)
             ... in the Dungeon (Sprint I: "Red Sonja").
             The game lasted 00:14:22 (2638 turns).

Quolop the Ninja (Spriggan Earth Elementalist)      Turns: 2638, Time: 00:14:22

Health: -2/51      AC:  4    Str:  2    XL:     12   Next: 70%
Magic:  7/23       EV: 31    Int: 19    God:    Dithmenos [******]
Gold:   61         SH:  0    Dex: 19    Spells: 12/24 levels left

rFire    + . .     SeeInvis +   n - +0 short sword (venom)
rCold    . . .     Gourm    .   (shield restricted)
rNeg     . . .     Faith    .   o - +2 robe of the Orb {+Fly rF+}
rPois    .         Spirit   .   (helmet restricted)
rElec    +         Reflect  .   (no cloak)
rCorr    .         Harm     .   (gloves unavailable)
MR       ++...     NoTele   +   (boots unavailable)
Stlth    ++++++++++             g - amulet of Arrival {rElec Regen+ Str-2 Stlth+}
HPRegen  0.57/turn              (no ring)
MPRegen  0.18/turn              (no ring)

@: mesmerised, wreathed by umbra, very quick
A: very small, unfitting armour, see invisible, herbivore, speed 3, slow
metabolism 2
a: Shadow Step, Shadow Form, Renounce Religion, Evoke Flight


You were in the Dungeon.
You worshipped Dithmenos.
Dithmenos was exalted by your worship.
You were not hungry.

You visited 1 branch You collected 1542 gold pieces.
You spent 1481 gold pieces at shops.

Inventory:

Hand Weapons
 m - a +0 dagger
 n - a +0 short sword of venom (weapon)
 q - a +0 dagger
 r - a +0 blowgun
Missiles
 b - 31 stones (quivered)
 s - 9 curare-tipped needles
Armour
 c - a +0 robe
 o - the +2 robe of the Orb (worn) {+Fly rF+}
   (You bought it in a shop in the Dungeon)

   It protects you from fire.
   It lets you fly.
Jewellery
 g - the amulet of Arrival (around neck) {rElec Regen+ Str-2 Stlth+}
   (You bought it in a shop in the Dungeon)

   [amulet of regeneration]

   It affects your strength (-2).
   It insulates you from electricity.
   It increases your rate of regeneration.
   It makes you more stealthy.
Wands
 a - a wand of polymorph (11)
Scrolls
 d - a scroll of vulnerability {unknown}
 h - a scroll of identify {unknown}
 j - 2 scrolls of blinking
Potions
 e - 3 potions of curing
 f - a potion of brilliance {unknown}
 i - a potion of berserk rage
 l - a potion of flight {unknown}
 p - 2 potions of agility {unknown}
Books
 k - a book of Geomancy

   Spells                             Type                      Level
   a - Sandblast                      Earth                        1
   b - Passwall                       Transmutation/Earth          2
   c - Stone Arrow                    Conjuration/Earth            3
   d - Petrify                        Transmutation/Earth          4
   e - Lee's Rapid Deconstruction     Earth                        5


   Skills:
 * Level 11.5 Short Blades
 + Level 13.4 Dodging
 O Level 27 Stealth
 - Level 1.9 Unarmed Combat
 - Level 6.7 Spellcasting
 - Level 12.4 Transmutations
 - Level 12.1 Earth Magic


You had 12 spell levels left.
You knew the following spells:

 Your Spells              Type           Power        Failure   Level  Hunger
a - Sandblast             Erth           ######       1%          1    None
b - Passwall              Tmut/Erth      ######....   1%          2    None
c - Lee's Rapid Deconstr  Erth           ######....   1%          5    #####..
d - Petrify               Tmut/Erth      ######..     1%          4    ####...


Dungeon Overview and Level Annotations

Branches:
Dungeon (1/1)

Altars:
Cheibriados
Dithmenos
Elyvilon
Fedhas
Gozag
Hepliaklqana
Kikubaaqudgha
Makhleb
Nemelex Xobeh
Okawaru
Qazlal
Ru
Sif Muna
Trog
Uskayaw
Vehumet
Wu Jian
Xom
Yredelemnul
Zin
The Shining One
Jiyva
Lugonu

Shops:
D [=((!(?%!*[(!=?[}


Innate Abilities, Weirdness & Mutations

You are very small and have problems with some larger weapons.
You are too small for most types of armour.
You have supernaturally acute eyesight. (SInv)
You are a herbivore.
You cover ground extremely quickly.
You need consume almost no food.


Message History

The hellwing misses you. The hellwing completely misses you.
The merfolk siren completely misses you.
The merfolk siren chants its luring song.
The hellwing barely misses you. The hellwing closely misses you.
The merfolk siren chants its luring song. x2
The hellwing misses you. The hellwing hits you.
* * * LOW HITPOINT WARNING * * *
The merfolk siren completely misses you.
The merfolk siren chants its luring song.
The hellwing completely misses you. x2
The merfolk siren chants its luring song. x2
The hellwing hits you!
* * * LOW HITPOINT WARNING * * *
The hellwing completely misses you.
The merfolk siren chants its luring song. x2
The hellwing completely misses you.
The hellwing hits you but does no damage.
The merfolk siren chants its luring song. x2
The hellwing hits you!
You die...

#####################
§§..§.§§§§.§§.#^§§.§§
§####§.§§§##§§'§^# §#
##§.§#######'# §#
###'# $(##.@# ##
#§##$$$#.4#
#§.#..$#mmy
##§#..$#.y≈.
#§§###A#..≈.§
#§##..$#..≈##§
#§§#+###..≈# §§
##§§.# ≈..## .§ ###.#


You could see a hellwing, 2 merfolk sirens and 2 hornets.

Vanquished Creatures
  A hydra (D)
  2 centaur warriors (D)
  Sonja (D)
  7 unseen horrors (D)
  A deep troll (D)
  A lindwurm (D)
  An oklob plant (D)
  2 kobold demonologists (D)
  4 demonic crawlers (D)
  A hornet (D)
  A slime creature (D)
  Sigmund (D)
  2 redbacks (D)
  A yak (D)
  13 hogs (D)
  3 floating eyes (D)
  7 necrophages (D)
  An ogre (D)
  8 jellies (D)
  Ijyb (D)
  A ballistomycete spore (D)
60 creatures vanquished.

Vanquished Creatures (others)
  A daeva (D)
  2 hornets (D)
  A ballistomycete spore (D)
4 creatures vanquished.

Grand Total: 64 creatures vanquished

Notes
Turn   | Place    | Note
-------+----------+-------------------------------------------
     0 | D        | Quolop the Spriggan Earth Elementalist began the quest for the Orb.
     0 | D        | Reached XP level 1. HP: 9/9 MP: 5/5
     1 | D        | Noticed Ijyb
    27 | D        | Killed Ijyb
    27 | D        | Reached skill level 5 in Stealth
    27 | D        | Reached XP level 2. HP: 11/13 MP: 5/7
    75 | D        | Learned a level 2 spell: Passwall
    79 | D        | Noticed an ogre
    82 | D        | Killed an ogre
    82 | D        | Reached skill level 5 in Dodging
    82 | D        | Reached skill level 7 in Stealth
    82 | D        | Reached skill level 1 in Unarmed Combat
    82 | D        | Reached skill level 5 in Spellcasting
    82 | D        | Reached XP level 3. HP: 16/16 MP: 4/10
    82 | D        | Reached XP level 4. HP: 21/21 MP: 4/12
   153 | D        | Found an iron altar of Okawaru.
   153 | D        | Found a bloodstained altar of Trog.
   153 | D        | Found a glowing golden altar of the Shining One.
   153 | D        | Found a blossoming altar of Fedhas.
   153 | D        | Found a stormy altar of Qazlal.
   153 | D        | Found a glowing silver altar of Zin.
   153 | D        | Found Suligro's Jewellery Emporium.
   153 | D        | Found an ancient bone altar of Kikubaaqudgha.
   153 | D        | Found a white marble altar of Elyvilon.
   153 | D        | Found a basalt altar of Yredelemnul.
   153 | D        | Found a hide-covered altar of Uskayaw.
   153 | D        | Found a hazy altar of Hepliaklqana.
   153 | D        | Found a sacrificial altar of Ru.
   153 | D        | Found a snail-covered altar of Cheibriados.
   153 | D        | Found a shadowy altar of Dithmenos.
   153 | D        | Found an opulent altar of Gozag.
   153 | D        | Found a sparkling altar of Nemelex Xobeh.
   153 | D        | Noticed a yak
   158 | D        | Killed a yak
   158 | D        | Reached skill level 10 in Stealth
   158 | D        | Reached XP level 5. HP: 8/24 MP: 6/15
   161 | D        | Became a worshipper of Dithmenos the Shadowed
   353 | D        | Found a deep blue altar of Sif Muna.
   353 | D        | Found a radiant altar of Vehumet.
   353 | D        | Found an ornate altar of the Wu Jian Council.
   354 | D        | Reached XP level 6. HP: 28/28 MP: 14/16
   386 | D        | Learned a level 5 spell: Lee's Rapid Deconstruction
   391 | D        | Learned a level 4 spell: Petrify
   394 | D        | Noticed Sonja
   394 | D        | Killed Sonja
   394 | D        | Reached skill level 14 in Stealth
   394 | D        | Reached XP level 7. HP: 32/32 MP: 15/18
   412 | D        | Found Humuep's Antique Armour Boutique.
   420 | D        | Bought an ichor-stained robe for 165 gold pieces
   430 | D        | Identified the +2 robe of the Orb {+Fly rF+} (You bought it in a shop in the Dungeon)
   463 | D        | Noticed Sigmund
   463 | D        | Killed Sigmund
   463 | D        | Reached * piety under Dithmenos
   463 | D        | Reached skill level 15 in Stealth
   463 | D        | Reached XP level 8. HP: 36/36 MP: 16/19
   484 | D        | Found a viscous altar of Jiyva.
   484 | D        | Found a corrupted altar of Lugonu.
   484 | D        | Found a burning altar of Makhleb.
   484 | D        | Found a shimmering altar of Xom.
   484 | D        | Noticed a slime creature
   484 | D        | Killed a slime creature
   484 | D        | Reached skill level 10 in Earth Magic
   500 | D        | Noticed a kobold demonologist
   500 | D        | Noticed a kobold demonologist
   500 | D        | Reached skill level 16 in Stealth
   503 | D        | Noticed a hellwing
   512 | D        | Noticed a soul eater
   515 | D        | Noticed an ice devil
   517 | D        | Noticed a rust devil
   550 | D        | Killed a kobold demonologist
   550 | D        | Reached ** piety under Dithmenos
   550 | D        | Reached skill level 17 in Stealth
   715 | D        | Noticed a centaur warrior
   715 | D        | Noticed a centaur warrior
   722 | D        | Noticed a deep troll
   731 | D        | Killed a deep troll
   731 | D        | Reached skill level 18 in Stealth
   731 | D        | Reached skill level 10 in Transmutations
   731 | D        | Reached XP level 9. HP: 13/39 MP: 14/20
   740 | D        | Killed a kobold demonologist
   740 | D        | Reached skill level 19 in Stealth
   765 | D        | Killed a centaur warrior
   767 | D        | Killed a centaur warrior
   767 | D        | Reached *** piety under Dithmenos
   767 | D        | Reached skill level 20 in Stealth
   871 | D        | Found Lapp's Armour Emporium.
   973 | D        | Noticed an oklob plant
   975 | D        | Killed an oklob plant
   975 | D        | Reached skill level 5 in Short Blades
   975 | D        | Reached XP level 10. HP: 44/44 MP: 21/21
   984 | D        | Reached **** piety under Dithmenos
   984 | D        | Reached skill level 21 in Stealth
  1008 | D        | Paralysed by a floating eye for 2 turns
  1016 | D        | Paralysed by a floating eye for 2 turns
  1050 | D        | Noticed an unseen horror
  1050 | D        | Noticed an unseen horror
  1050 | D        | Killed an unseen horror
  1051 | D        | Killed an unseen horror
  1051 | D        | Reached skill level 22 in Stealth
  1065 | D        | Reached ***** piety under Dithmenos
  1330 | D        | Reached ****** piety under Dithmenos
  1458 | D        | Reached skill level 23 in Stealth
  1478 | D        | Found Igibuwudd's Antique Weapon Shoppe.
  1478 | D        | Found Patis's Weapon Shop.
  1478 | D        | Found Etaos's Distillery.
  1523 | D        | Bought the amulet of Arrival {rElec Regen+ Str-2 Stlth+} for 596 gold pieces
  1560 | D        | Found Exkogami's Antique Weapon Emporium.
  1560 | D        | Found Pusoxtoe's Magic Scroll Shop.
  1560 | D        | Found Maasoyx's Food Shoppe.
  1560 | D        | Found Pukazxy's Distillery.
  1560 | D        | Found Venodd's Assorted Antiques.
  1560 | D        | Found Fayggaa's Armour Shop.
  1560 | D        | Found Jioserch's Weapon Shoppe.
  1562 | D        | Found Qiphoas's Distillery.
  1563 | D        | Found Ruefeoteapp's Magic Scroll Emporium.
  1563 | D        | Found Kewamm's Jewellery Boutique.
  1564 | D        | Found Zyofok's Gadget Emporium.
  1801 | D        | Noticed a lindwurm
  1803 | D        | Killed a lindwurm
  1825 | D        | Reached skill level 24 in Stealth
  1836 | D        | Reached XP level 11. HP: 28/47 MP: 10/22
  1840 | D        | Reached skill level 10 in Dodging
  1854 | D        | Reached skill level 25 in Stealth
  1976 | D        | Noticed a 12-headed hydra
  1978 | D        | Killed a 12-headed hydra
  2003 | D        | Reached skill level 26 in Stealth
  2053 | D        | Bought a potion of experience for 650 gold pieces
  2313 | D        | Noticed a daeva
  2317 | D        | Noticed an unseen horror
  2317 | D        | Noticed an unseen horror
  2317 | D        | Noticed an unseen horror
  2317 | D        | Noticed an unseen horror
  2319 | D        | Killed an unseen horror
  2320 | D        | Noticed an unseen horror
  2321 | D        | Killed an unseen horror
  2321 | D        | Reached skill level 10 in Short Blades
  2321 | D        | Reached skill level 27 in Stealth
  2322 | D        | Killed an unseen horror
  2324 | D        | Killed an unseen horror
  2326 | D        | Killed an unseen horror
  2335 | D        | Reached XP level 12. HP: 35/51 MP: 2/23
  2509 | D        | Bought a ration for 70 gold pieces
  2586 | D        | Noticed a deep elf annihilator
  2597 | D        | Killed a daeva
  2638 | D        | Slain by a hellwing

Skill      XL: |  1  2  3  4  5  6  7  8  9 10 11 |
---------------+----------------------------------+-----
Dodging        | 4 5 6 7 8 9 13 | 13.4
Stealth        | 5 7 10 14 15 18 20 24 27 | 27.0
Spellcasting   | 3 5 6 |  6.7
Earth Magic    | 4 6 7 9 11 12 | 12.1
Unarmed Combat | 1 |  1.9
Transmutations | 7 10 12 | 12.4
Short Blades   | 5 8 11 | 11.5

Action                   |  1- 3 |  4- 6 |  7- 9 | 10-12 || total
-------------------------+-------+-------+-------+-------++-------
Melee: Unarmed           |    18 |       |       |       ||    18
       Dagger            |       |     1 |    19 |    24 ||    44
       Short sword       |       |       |    19 |    38 ||    57
       Punch             |       |       |     1 |     1 ||     2
 Cast: Sandblast         |     2 |     7 |     2 |    30 ||    41
       Passwall          |       |     2 |     4 |     4 ||    10
       Petrify           |       |       |     9 |    11 ||    20
       Lee's Rapid Decon |       |       |     6 |     6 ||    12
Invok: Shadow Step       |       |       |       |     2 ||     2
  Use: Potion            |       |       |     5 |     1 ||     6
 Stab: Confused          |     5 |       |       |       ||     5
       Sleeping          |     1 |     1 |     4 |    25 ||    31
       Petrified         |       |       |     4 |     4 ||     8
       Petrifying        |       |       |     3 |       ||     3
  Eat: Ration            |       |       |     1 |     2 ||     3
Armor: Robe              |       |       |     5 |     6 ||    11
Dodge: Dodged            |     6 |       |    41 |   194 ||   241
